 Dungeon Crawl Stone Soup version 0.30.1-3-gfc49f6343a (webtiles) character file.

Game seed: 5260219445111888954

198 Babbit the Chopper (level 5, -3/47 HPs)
             Began as a Minotaur Fighter on Aug 3, 2023.
             Slain by an ice beast (9 damage)
             ... on level 4 of the Dungeon.
             The game lasted 00:07:14 (1885 turns).

Babbit the Chopper (Minotaur Fighter)               Turns: 1885, Time: 00:07:15

Health: -3/47      AC:  9    Str: 22    XL:     5   Next: 47%
Magic:  4/4        EV:  9    Int:  5    God:
Gold:   185        SH:  4    Dex: 10    Spells: 4/4 levels left

rFire   . . .        a - +0 war axe
rCold   . . .        c - +0 buckler
rNeg    . . .        b - +0 scale mail
rPois   .            (helmet restricted)
rElec   .            n - +0 cloak
rCorr   .            (no gloves)
SInv    .            l - +0 pair of boots
Will    .....        m - amulet of magic regeneration Stlth
                     p - ring of flight
HPRegen 0.27/turn    (no ring)
MPRegen 0.49/turn

%: no passive effects
@: flying
A: horns 2, retaliatory headbutt
a: no special abilities


You were on level 4 of the Dungeon.
You visited 1 branch of the dungeon, and saw 4 of its levels.

You collected 185 gold pieces.

Inventory:

Hand Weapons
 a - a +0 war axe (weapon)
Armour
 b - a +0 scale mail (worn)
 c - a +0 buckler (worn)
 l - a +0 pair of boots (worn)
 n - a +0 cloak (worn)
Jewellery
 m - an amulet of magic regeneration (around neck)
 p - a ring of flight (left hand)
Scrolls
 g - a scroll of identify
 i - a scroll of magic mapping {unknown}
 j - 2 scrolls of amnesia {unknown}
 k - a scroll of teleportation {unknown}
 r - a scroll of vulnerability {unknown}
 t - a scroll of torment {unknown}
Potions
 d - a potion of might
 e - 5 potions of curing
 f - a potion of brilliance {unknown}
 h - 4 potions of magic
 o - 2 potions of ambrosia
 q - 2 potions of mutation {unknown}
 s - a potion of haste {unknown}


   Skills:
 + Level 4.6 Fighting
 * Level 4.7 Axes
 + Level 4.6 Armour
 + Level 4.6 Shields


You had 4 spell levels left.
You didn't know any spells.
Your spell library contained the following spells:

 Spells                   Type           Power      Damage    Failure   Level
 Kiss of Death            Conj/Necr      0%         2d5       85%         1
 Confusing Touch          Hex            0%         N/A       99%         3
 Dispel Undead            Necr           0%         3d6       100%        4


Dungeon Overview and Level Annotations

Branches:
Dungeon (4/15)
 Temple: D:4-7

Altars:

Shops:
D:1 =   D:3 [


Innate Abilities, Weirdness & Mutations

You have a pair of horns on your head.
You reflexively headbutt those who attack you in melee.


Message History

a +0 spear; a gnoll corpse
Items here: )) [[ †.
Okay, then.
There is an open door, spattered with blood here.
Items here: )) ††.
Okay, then.
An ice beast comes into view.
You slash the ice beast!
The ice beast is heavily wounded.
The ice beast hits you. The ice beast freezes you!
You barely miss the ice beast.
The ice beast is heavily wounded.
The ice beast closely misses you. The ice beast barely misses you.
You hit the ice beast.
The ice beast is severely wounded.
The ice beast hits you. The ice beast freezes you!
* * * LOW HITPOINT WARNING * * *
You hit the ice beast.
The ice beast is severely wounded.
The ice beast hits you but does no damage.
You hit the ice beast but do no damage. You headbutt the ice beast.
The ice beast is almost dead.
The ice beast hits you but does no damage.
You closely miss the ice beast.
You headbutt the ice beast, but do no damage.
The ice beast is almost dead.
The ice beast hits you but does no damage. x2
You barely miss the ice beast.
You headbutt the ice beast, but do no damage.
The ice beast is almost dead.
The ice beast barely misses you.
You barely miss the ice beast.
The ice beast is almost dead.
The ice beast hits you but does no damage.
You hit the ice beast but do no damage.
The ice beast is almost dead.
The ice beast hits you.
* * * LOW HITPOINT WARNING * * *
The ice beast freezes you!
You die...

+......#.....#.†##...###..
#####+###..###..##........
.....#######.†##........
.........#..............
.........'....†.........
.........#..............
#).###..##...#####
#.)###Y.##...##
#...)@........+
#...#)........#
...?...#.........#
........#....#...##
...##...##...##### ###
#...##...# .....#...#
#.....#...# #...#


You could see an ice beast.

Vanquished Creatures
  A jelly (D:4)
  A gnoll bouda (D:4)
  4 adders
  4 gnolls (D:4)
  A worm (D:2)
  A dart slug (D:3)
  2 orcs
  7 bats
  5 endoplasms
  2 giant cockroaches
  4 goblins
  5 hobgoblins
  5 jackals
  3 quokkas
  4 ball pythons
  2 frilled lizards (D:1)
  7 kobolds
  8 rats
66 creatures vanquished.

Notes
Turn   | Place    | Note
-------+----------+-------------------------------------------
     0 | D:1      | Babbit the Minotaur Fighter began the quest for the Orb.
     0 | D:1      | Reached XP level 1. HP: 19/19 MP: 0/0
   180 | D:1      | Reached XP level 2. HP: 27/27 MP: 1/1
   366 | D:1      | Found Siv Tuil's Jewellery Emporium.
   668 | D:2      | Reached XP level 3. HP: 30/33 MP: 2/2
   774 | D:2      | Found a faded altar of an unknown god.
  1008 | D:2      | Reached XP level 4. HP: 40/40 MP: 3/3
  1493 | D:3      | Found Qarez's Antique Armour Shop.
  1854 | D:4      | Reached XP level 5. HP: 36/47 MP: 4/4
  1871 | D:4      | Noticed an ice beast
  1885 | D:4      | Slain by an ice beast

Illustrated notes

Levels and vault maps discovered:
D:1:      minmay_arrival_four_houses, layout_loops_ring, serial_shops, shop,
          item_on_display_a
D:2:      layout_rooms, chequers_ecumenical_altar_island, nrook_mini_backslash,
          hangedman_decor_points
D:3:      layout_rooms, serial_shops, shop
D:4:      layout_gridville, uniq_robin, uniq_sigmund

Skill      XL: |  1  2  3  4 |
---------------+-------------+-----
Axes           | 3 4 |  4.7
Fighting       | 4 |  4.6
Armour         | 4 |  4.6
Shields        | 4 |  4.6

Action                     |  1- 3 |  4- 6 || total
---------------------------+-------+-------++-------
  Melee: War axe           |    76 |    61 ||   137
         Headbutt          |    10 |     9 ||    19
    Use: Scroll            |     1 |     3 ||     4
 Armour: Scale mail        |    48 |    34 ||    82
  Dodge: Dodged            |    27 |    28 ||    55
  Block: Buckler           |    17 |    10 ||    27
